 Dungeon Crawl Stone Soup version 0.29.0-13-gc9e81de378 (webtiles) character file.

Game seed: 16495892194014816577

37 NinjaNoafa the Chopper (level 3, -8/33 HPs)
             Began as a Hill Orc Monk on Sept 7, 2022.
             Mangled by an iguana (12 damage)
             ... on level 2 of the Dungeon.
             The game lasted 00:02:19 (1068 turns).

NinjaNoafa the Chopper (Hill Orc Monk)              Turns: 1068, Time: 00:02:20

Health: -8/33      AC:  3    Str: 15    XL:     3   Next: 41%
Magic:  3/3        EV: 12    Int: 10    God:
Gold:   83         SH:  0    Dex: 13    Spells: 2/2 levels left

rFire   + . .      SeeInvis .   a - +0 hand axe
rCold   + . .      Faith    .   (no shield)
rNeg    . . .      Spirit   .   i - +0 leather armour
rPois   +          Reflect  .   (no helmet)
rElec   +          Harm     .   (no cloak)
rCorr   +          Rampage  .   (no gloves)
Will    .....                   (no boots)
Stlth   ++........              o - amulet of regeneration
HPRegen 0.91/turn               (no ring)
MPRegen 0.08/turn               (no ring)

@: resistant
A: no striking features
a: no special abilities


You were on level 2 of the Dungeon.
You visited 1 branch of the dungeon, and saw 2 of its levels.

You collected 83 gold pieces.

Inventory:

Hand Weapons
 a - a +0 hand axe (weapon)
Missiles
 g - 18 stones (quivered)
Armour
 i - a +0 leather armour (worn)
Jewellery
 o - an amulet of regeneration (around neck)
Scrolls
 b - a scroll of immolation {unknown}
 e - 2 scrolls of magic mapping {unknown}
 f - a scroll of amnesia {unknown}
 h - a scroll of noise {unknown}
 j - a scroll of identify {unknown}
 m - a scroll of blinking {unknown}
 n - a scroll of brand weapon {unknown}
 p - a scroll of enchant weapon {unknown}
Potions
 c - a potion of ambrosia


   Skills:
 + Level 4.2 Fighting
 + Level 4.6 Axes
 + Level 1.6 Armour
 - Level 2.4 Dodging
 - Level 1.5 Stealth


You had 2 spell levels left.
You didn't know any spells.
Your spell library was empty.

Dungeon Overview and Level Annotations

Branches:
Dungeon (2/15)

Altars:

Shops:
D:1 :*:*


Message History

The adder bites you but does no damage.
You barely miss the adder.
The adder is heavily wounded.
The adder misses you.
You hit the adder but do no damage.
The adder is heavily wounded.
The adder bites you.
You are poisoned.
The adder poisons you! The adder barely misses you.
You slash the adder!
You kill the adder!
You feel sick.
You hit the iguana.
The iguana is moderately wounded.
You feel sick. The iguana bites you.
You hit the iguana but do no damage.
The iguana is moderately wounded.
You feel sick. The iguana closely misses you.
You hit the iguana but do no damage.
The iguana is moderately wounded.
You feel sick.
The iguana bites you but does no damage.
You barely miss the iguana.
The iguana is moderately wounded.
You feel sick. The iguana barely misses you. The iguana bites you.
You hit the iguana.
The iguana is heavily wounded.
You feel sick.
You are no longer poisoned.
The iguana closely misses you.
Okay, then.
You hit the iguana but do no damage.
The iguana is heavily wounded.
The iguana barely misses you.
You hit the iguana.
The iguana is severely wounded.
The iguana bites you!
* * * LOW HITPOINT WARNING * * *
The iguana attacks as you move away! The iguana bites you!
You die...

#.. .## ##'## #. #.. ..#
###...## ## #..##.#
.##.....##
#(..#.##.#.......## #
###............<[...####
....................+...
#....###.........####
##.#l# ##.......## # #
#@# ##.....##
#####.######...##
##........# ##+##
#......##.# #.# ##..####
# #.#
#..#####.####.#####
#........#........#
#.########......#.##
#.########.#...#...###


You could see an iguana.

Vanquished Creatures
  2 adders (D:2)
  A dart slug (D:1)
  A ball python (D:1)
  2 endoplasms (D:1)
  A giant cockroach (D:2)
  A goblin (D:1)
  2 hobgoblins (D:1)
  A kobold (D:1)
  2 bats
  3 rats (D:1)
16 creatures vanquished.

Notes
Turn   | Place    | Note
-------+----------+-------------------------------------------
     0 | D:1      | NinjaNoafa the Hill Orc Monk began the quest for the Orb.
     0 | D:1      | Reached XP level 1. HP: 19/19 MP: 1/1
   252 | D:1      | Found Kowaga's General Store.
   257 | D:1      | Found Lorgh's Book Shoppe.
   511 | D:1      | Found Fuzyh's General Store.
   520 | D:1      | Reached XP level 2. HP: 24/27 MP: 2/2
   523 | D:1      | Reached skill level 1 in Armour
   757 | D:1      | Found Bychozag's Book Emporium.
   941 | D:2      | Reached XP level 3. HP: 33/33 MP: 3/3
  1068 | D:2      | Mangled by an iguana

Illustrated notes

Levels and vault maps discovered:
D:1:      dpeg_arrival_leaves_temple_mockup, layout_loops_ring, serial_shops,
          shop, shop, nicolae_shop_crystal, nicolae_shop_trees
D:2:      layout_loops_corners, minivault_11, uniq_natasha

Skill      XL: |  1  2 |
---------------+-------+-----
Armour         | 1 |  1.6
Fighting       | 4 |  4.2
Axes           | |  4.6
Dodging        | |  2.4
Stealth        | |  1.5

Action                   || total
-------------------------++-------
Melee: Hand axe          ||    65
       Punch             ||     1
Throw: Javelin           ||     5
  Use: Potion            ||     2
Armor: Leather armour    ||    18
Dodge: Dodged            ||    36
